 Dungeon Crawl Stone Soup version 0.27-a0-1186-g8b4daa1eef (webtiles) character file.

Game seed: 14612082966358030246

4 ZappyNine the Skirmisher (level 1, 0/11 HPs)
             Began as a Vine Stalker Fighter on May 19, 2021.
             Succumbed to an adder's poison
             ... on level 2 of the Dungeon.
             The game lasted 00:00:34 (188 turns).

ZappyNine the Skirmisher (Vine Stalker Fighter)      Turns: 188, Time: 00:00:35

Health: 0/11       AC:  6    Str: 18    XL:     1   Next: 60%
Magic:  0/2        EV:  7    Int:  8    God:
Gold:   13         SH:  9    Dex: 13    Spells: 0/0 levels left

rFire    . . .     SeeInvis .   a - +0 flail
rCold    . . .     Faith    .   c - +0 kite shield
rNeg     . . .     Spirit   +   b - +0 scale mail
rPois    .         Reflect  .   (no helmet)
rElec    .         Harm     .   (no cloak)
rCorr    .         Rampage  .   (no gloves)
Will     .....                  (no boots)
Stlth    ..........             (no amulet)
HPRegen  0.03/turn              (no ring)
MPRegen  0.08/turn              (no ring)

@: lethally poisoned (0 -> -5)
A: fangs 2, magic shield, antimagic bite, no potion heal 2
a: no special abilities


You were on level 2 of the Dungeon.
You visited 1 branch of the dungeon, and saw 2 of its levels.

You collected 13 gold pieces.

Inventory:

Hand Weapons
 a - a +0 flail (weapon)
Armour
 b - a +0 scale mail (worn)
 c - a +0 kite shield (worn)
Potions
 d - a potion of might


   Skills:
 + Level 2.8 Fighting
 + Level 1.9 Maces & Flails
 - Level 2.4 Armour
 - Level 2.7 Shields


You couldn't memorise any spells.
You didn't know any spells.
Your spell library was empty.

Dungeon Overview and Level Annotations

Branches:
Dungeon (1/15)

Altars:


Innate Abilities, Weirdness & Mutations

You have extremely sharp teeth.
When hurt, damage is shared between your health and your magic reserves.
Your bite disrupts and absorbs the magic of your enemies.
Potions cannot restore your health.


Message History

You are too injured to fight recklessly!
You are too injured to fight recklessly!
You are too injured to fight recklessly!
You are too injured to fight recklessly!
You are too injured to fight recklessly!
You are too injured to fight recklessly!
You are too injured to fight recklessly!
You are too injured to fight recklessly!
You are too injured to fight recklessly!
You are too injured to fight recklessly!
You are too injured to fight recklessly!
You are too injured to fight recklessly!
You are too injured to fight recklessly!
You are too injured to fight recklessly!
You are too injured to fight recklessly!
You are too injured to fight recklessly!
You closely miss the adder. Your bite misses the adder.
You feel sick.
The adder bites you but does no damage. x2
You closely miss the adder.
* * * LOW HITPOINT WARNING * * *
You feel sick.
You are no longer poisoned.
You block the adder's attack. The adder bites you but does no damage.
Your shield prevents you from hitting the adder.
The adder bites you but does no damage. The adder barely misses you.
You completely miss the adder. You bite the adder. You drain its power.
You feel invigorated.
The adder is lightly wounded.
The adder bites you but does no damage. The adder completely misses you.
You sock the adder! Your bite misses the adder.
The adder is almost dead.
You block the adder's attack. x2
You closely miss the adder.
The adder is almost dead.
The adder bites you. x2
You are lethally poisoned!
The adder poisons you!
You barely miss the adder.
The adder is almost dead.
You die...

.... .....
##...####
#........
#.......#####.#
..............#
#...##.#####....
# #.# # #@# #S#
... ##.## ...
#.# ... ...


You could see an adder.

Vanquished Creatures
  A goblin (D:1)
  2 bats (D:1)
  A rat (D:1)
4 creatures vanquished.

Notes
Turn   | Place    | Note
-------+----------+-------------------------------------------
     0 | D:1      | ZappyNine the Vine Stalker Fighter began the quest for the
                  | Orb.
     0 | D:1      | Reached XP level 1. HP: 11/11 MP: 2/2
   175 | D:1      | You fall into a shaft and drop 1 floor!
   188 | D:2      | Succumbed to an adder's poison

Illustrated notes

Levels and vault maps discovered:
D:1:      dpeg_arrival_subterranean_lakeside_camping, layout_loops_ring,
          chequers_ecumenical_altar_island
D:2:      layout_basic, serial_shops, shop

Action                   || total
-------------------------++-------
Melee: Flail             ||    19
       Bite              ||     5
Armor: Scale mail        ||    14
Dodge: Dodged            ||     4
Block: Kite shield       ||    14

Table legend: (Time is in decaauts)
 A = Elapsed time spent in this place.
 B = Non-inter-level travel time spent in this place.
 C = Inter-level travel time spent in this place.
 D = Time resting spent in this place.
 E = Time spent auto-exploring this place.
 F = Levels seen in this place.
 G = Mean time per level.
                   A        B        C        D        E       F      G
               +--------+--------+--------+--------+--------+-----+--------+
         Total |    198 |    198 |      0 |      0 |    161 |   2 |   99.0 |
       Dungeon |    198 |    198 |      0 |      0 |    161 |   2 |   99.0 |
               +--------+--------+--------+--------+--------+-----+--------+

Top non-repeatable levels by time:
     D:1: 181 daAuts
     D:2: 17 daAuts
